 Dungeon Crawl Stone Soup version 0.20.1-1-g8b1a95d (webtiles) character file.

6303 vineage the Carver (level 10, -1/63 HPs)
             Began as a Tengu Berserker on Oct 27, 2017.
             Was an Elder of Trog.
             Killed from afar by an electric eel (6 damage)
             ... with a bolt of electricity
             ... on level 1 of the Lair of Beasts.
             The game lasted 00:15:27 (7383 turns).

vineage the Carver (Tengu Berserker)                Turns: 7383, Time: 00:15:28

Health: -1/63      AC: 14    Str: 18    XL:     10   Next: 95%
Magic:  0/20       EV:  7    Int:  9    God:    Trog [****..]
Gold:   465        SH:  0    Dex: 15    Spells: 9/9 levels left

rFire    . . .     SeeInvis +   a - +1 falchion
rCold    . . .     Gourm    .   (no shield)
rNeg     . . .     Faith    .   h - +1 plate armour
rPois    .         Spirit   +   (helmet restricted)
rElec    .         Reflect  .   (no cloak)
rCorr    .         Harm     .   (no gloves)
MR       .....                  (boots unavailable)
Stlth    ..........             r - amulet of guardian spirit
Regen    0.2/turn               d - ring of see invisible
MPRegen  0.2/turn               p - ring of magical power

@: about to teleport, very slightly contaminated, very slow
A: beak, talons 3, able to fly 1
a: Fly, Berserk, Trog's Hand, Brothers in Arms, Burn Spellbooks, Renounce
Religion


You were on level 1 of the Lair of Beasts.
You worshipped Trog.
Trog was greatly pleased with you.
You were very hungry.

You visited 2 branches of the dungeon, and saw 11 of its levels.

You collected 571 gold pieces.
You spent 106 gold pieces at shops.

Inventory:

Hand Weapons
 a - a +1 falchion (weapon)
 I - a +2 eveningstar of draining
Armour
 h - a +1 plate armour (worn)
Jewellery
 d - a ring of see invisible (left hand)
 p - a ring of magical power (right hand)
 r - an amulet of guardian spirit (around neck)
 x - an uncursed ring of resist corrosion {unknown}
 F - an uncursed amulet of faith {unknown}
 G - a cursed amulet of rage {unknown}
Wands
 t - a wand of enslavement (17/24)
 z - a wand of lightning (5/15)
 C - a wand of acid (6/15)
 E - a wand of flame (22/48)
 J - a wand of flame (30/48)
 K - a wand of lightning (7/15)
 L - a wand of polymorph (17/24)
Scrolls
 i - 5 scrolls of enchant weapon
 s - a scroll of enchant armour
 v - a scroll of teleportation
 w - 2 scrolls of remove curse
 y - a scroll of summoning {unknown}
 A - 2 scrolls of fear
 D - 5 scrolls of identify
Potions
 e - 3 potions of flight {unknown}
 j - 4 potions of might
 k - 2 potions of curing
 l - a potion of brilliance
 o - 2 potions of mutation {unknown}
 u - 2 potions of heal wounds
 B - a potion of resistance {unknown}
 H - a potion of lignification {unknown}
Books
 b - a book of Maledictions

   Spells                             Type                      Level
   a - Corona                         Hexes                        1
   b - Ensorcelled Hibernation        Hexes/Ice                    2
   c - Confuse                        Hexes                        3
   d - Tukima's Dance                 Hexes                        3
   e - Dazzling Spray                 Conjuration/Hexes            3
   Trog disapproves of the use of such an item.
 n - a book of Necromancy

   Spells                             Type                      Level
   a - Pain                           Necromancy                   1
   b - Animate Skeleton               Necromancy                   1
   c - Vampiric Draining              Necromancy                   3
   d - Regeneration                   Charms/Necromancy            3
   e - Animate Dead                   Necromancy                   4
   f - Control Undead                 Necromancy                   4
   Trog disapproves of the use of such an item.
Comestibles
 c - 4 bread rations
 f - 5 meat rations
 g - 4 fruits
 m - 2 royal jellies


   Skills:
 + Level 7.2 Fighting
 - Level 13.9 Long Blades
 + Level 8.1 Armour
 + Level 2.8 Dodging


You had 9 spell levels left.
You didn't know any spells.

Dungeon Overview and Level Annotations

Branches:
Dungeon (10/15)            Temple (0/1) D:4            Lair (1/6) D:8
    Orc: D:9-12

Altars:

Shops:
D:4 *   D:5 =   D:6 }

Annotations:
D:9 3 runed doors


Innate Abilities, Weirdness & Mutations

You have a beak for a mouth.
You have claws for feet.
You can fly.


Message History

An electric eel comes into view.
Blink to where?
Press: ? - help, Dir - move target cursor Splash!
As you read the scroll of blinking, it crumbles to dust.
The electric eel shoots out a bolt of lightning at you!
The bolt of electricity hits the plant.
The bolt of electricity hits you!
* * * LOW HITPOINT WARNING * * *
You feel much better.
The electric eel shoots out a bolt of lightning at you!
The bolt of electricity hits the plant.
The bolt of electricity hits you!
* * * LOW HITPOINT WARNING * * *
The electric eel shoots out a bolt of lightning at you!
The bolt of electricity hits the plant.
The bolt of electricity hits you!
* * * LOW HITPOINT WARNING * * *
As you read the scroll of teleportation, it crumbles to dust.
You feel strangely unstable.
The electric eel shoots out a bolt of lightning at you!
The bolt of electricity hits the plant.
The bolt of electricity hits you!
You die...

..........##..≈≈≈P≈≈≈≈≈≈≈♣♣
#..P...P.♣##...≈≈≈≈≈≈≈≈≈≈≈♣♣
........♣# #...≈≈P≈P≈≈≈≈≈≈P♣
#......#.# #...≈≈≈≈≈≈≈≈≈≈≈≈♣
#P..P#...# #....≈≈≈≈;≈≈≈≈≈≈♣
.........###...≈P≈≈≈≈≈≈≈≈≈≈♣
.........##...P≈P≈≈P≈≈;≈≈P♣
...#.#.P.###...≈≈P≈P≈≈≈§♣ ..
#..........≈≈@≈P≈P≈♣♣♣
#.##.....#.....#####♣♣♣
#...#.........###
#...#...........##
................P#
..###.#..#......##
#..##..#........##
##..#.###....##..#
..#.#.###..#..#P.##


You could see 2 electric eels.

Vanquished Creatures
  A two-headed ogre (D:8)
  Pikel (D:5)
  The ghost of empire the Chopper, a novice MiFi (D:4)
  2 komodo dragons (Lair:1)
  The ghost of Jazqa the Covert, a novice SpAs of Lugonu (D:5)
  2 hippogriffs
  Prince Ribbit (D:5)
  Sigmund (D:4)
  5 yaks (Lair:1)
  A hungry ghost (D:7)
  Duvessa (D:4)
  A porcupine (Lair:1)
  A sky beast (D:6)
  2 orc warriors
  A phantom (D:9)
  2 black bears
  3 ogres
  5 bullfrogs
  2 scorpions
  Dowan (D:4)
  3 killer bees (D:10)
  4 crimson imps
  A bullfrog zombie (D:6)
  A quasit (D:8)
  A jelly (D:6)
  A bullfrog skeleton (D:10)
  A centaur skeleton (D:5)
  3 orc priests
  4 hounds
  3 orc wizards
  An iguana (D:5)
  4 worker ants
  2 hound zombies
  A hound skeleton (D:5)
  2 worker ant zombies
  6 adders
  3 gnolls (D:8)
  2 shadow imps
  An ooze (D:1)
  2 adder zombies
  3 worms (D:2)
  An adder skeleton (D:5)
  2 dart slugs
  4 leopard geckos
  19 orcs
  4 bats
  7 giant cockroaches
  7 goblins
  12 hobgoblins
  10 jackals
  4 quokkas
  A ball python (D:2)
  3 frilled lizards
  A giant cockroach zombie (D:6)
  13 kobolds
  A leopard gecko zombie (D:5)
  5 rats
178 creatures vanquished.

Vanquished Creatures (others)
  A slave (D:5)
  An ogre (D:5)
  A fungus (D:8)
3 creatures vanquished.

Grand Total: 181 creatures vanquished

Notes
Turn   | Place    | Note
-------+----------+-------------------------------------------
     0 | D:1      | vineage the Tengu Berserker began the quest for the Orb.
     0 | D:1      | Reached XP level 1. HP: 14/14 MP: 2/2
   103 | D:1      | Reached XP level 2. HP: 19/19 MP: 3/3
   220 | D:1      | Reached skill level 4 in Long Blades
   381 | D:1      | Reached XP level 3. HP: 23/23 MP: 4/4
  1218 | D:2      | Reached skill level 5 in Long Blades
  1292 | D:2      | Reached XP level 4. HP: 23/28 MP: 5/5
  1341 | D:2      | Reached ** piety under Trog
  1740 | D:3      | Gained mutation: You can fly. [Tengu growth]
  1740 | D:3      | Reached XP level 5. HP: 29/32 MP: 6/6
  1750 | D:3      | Reached skill level 6 in Long Blades
  2313 | D:3      | Found a faded altar of an unknown god.
  2363 | D:4      | Noticed Sigmund
  2370 | D:4      | Noticed an ogre
  2373 | D:4      | Killed Sigmund
  2373 | D:4      | Reached skill level 7 in Long Blades
  2373 | D:4      | Reached XP level 6. HP: 37/37 MP: 7/7
  2379 | D:4      | Reached skill level 8 in Long Blades
  2553 | D:4      | Found Utza's Assorted Antiques.
  2591 | D:4      | Bought a fuming green potion for 21 gold pieces
  2591 | D:4      | Bought a lumpy purple potion for 21 gold pieces
  2591 | D:4      | Bought a fuming green potion for 21 gold pieces
  2591 | D:4      | Bought 2 fizzy green potions for 43 gold pieces
  2643 | D:4      | Noticed empire's ghost (novice MiFi)
  2653 | D:4      | Killed empire's ghost
  2653 | D:4      | Reached skill level 9 in Long Blades
  2653 | D:4      | Reached XP level 7. HP: 41/41 MP: 8/8
  2701 | D:4      | Reached skill level 10 in Long Blades
  2701 | D:4      | Reached XP level 8. HP: 20/46 MP: 6/9
  2899 | D:4      | Noticed Dowan
  2907 | D:4      | Killed Dowan
  2908 | D:4      | Noticed Duvessa
  2920 | D:4      | Killed Duvessa
  3146 | D:4      | Found a staircase to the Ecumenical Temple.
  3611 | D:5      | Entered Level 5 of the Dungeon
  3613 | D:5      | Noticed Pikel
  3617 | D:5      | Reached *** piety under Trog
  3634 | D:5      | Killed Pikel
  3634 | D:5      | Reached skill level 11 in Long Blades
  3706 | D:5      | Reached skill level 12 in Long Blades
  3711 | D:5      | Found Leqin's Jewellery Boutique.
  3852 | D:5      | Noticed Prince Ribbit
  3860 | D:5      | Reached XP level 9. HP: 38/51 MP: 7/10
  3866 | D:5      | Killed Prince Ribbit
  4126 | D:5      | Noticed Jazqa's ghost (novice SpAs)
  4154 | D:5      | Killed Jazqa's ghost
  4548 | D:6      | Reached skill level 13 in Long Blades
  4645 | D:6      | Found Qyess's Gadget Boutique.
  5403 | D:7      | You fall through a shaft for 3 floors!
  5403 | D:10     | Entered Level 10 of the Dungeon
  5448 | D:10     | Reached skill level 5 in Armour
  5513 | D:9      | Reached XP level 10. HP: 53/58 MP: 11/11
  5664 | D:9      | Found a runed gate.
  5675 | D:9      | Found a runed door.
  5692 | D:9      | Found a runed door.
  5896 | D:8      | Reached skill level 5 in Fighting
  5976 | D:7      | Reached **** piety under Trog
  6397 | D:8      | Noticed a two-headed ogre
  6406 | D:8      | Killed a two-headed ogre
  6690 | D:8      | Found a staircase to the Lair.
  6766 | Lair:1   | Entered Level 1 of the Lair of Beasts
  7381 | Lair:1   | HP: 2/63 [electric eel/bolt of electricity (5)]
  7383 | Lair:1   | Killed from afar by an electric eel

Skill      XL: |  1  2  3  4  5  6  7  8  9 10 |
---------------+-------------------------------+-----
Long Blades    | 4 5 7 9 10 12 13 | 13.9
Armour         | 5 8 |  8.1
Fighting       | 4 7 |  7.2
Dodging        | |  2.8

Action                   |  1- 3 |  4- 6 |  7- 9 | 10-12 || total
-------------------------+-------+-------+-------+-------++-------
Melee: Falchion          |    85 |   105 |   323 |   214 ||   727
       Kick              |    22 |    29 |    95 |    89 ||   235
       Peck              |    17 |    13 |    61 |    49 ||   140
Invok: Berserk           |       |     2 |     5 |     2 ||     9
       Trog's Hand       |       |     2 |     5 |     1 ||     8
 Abil: Fly               |       |     3 |     3 |     2 ||     8
  Use: Scroll            |       |     9 |     6 |     4 ||    19
       Potion            |       |       |     3 |     2 ||     5
 Stab: Sleeping          |     1 |       |       |       ||     1
  Eat: Chunk             |     1 |     3 |    12 |     5 ||    21
       Fruit             |       |     3 |     4 |       ||     7
       Bread ration      |       |       |     1 |       ||     1
       Meat ration       |       |       |     1 |       ||     1
Armor: Animal skin       |     2 |       |       |       ||     2
       Plate armour      |    45 |    58 |   176 |    92 ||   371
Dodge: Dodged            |    23 |    24 |    66 |    48 ||   161
       Rpst.: Falchion   |     8 |    10 |    23 |    13 ||    54
